 Dungeon Crawl Stone Soup version 0.30-a0-913-g9934a0ce24 (webtiles) character file.

Game seed: 746025190410677344

852 a11behringer the Shield-Bearer (level 8, 0/62 HPs)
             Began as a Formicid Fighter on Mar 19, 2023.
             Slain by an orc warrior
             ... wielding a +0 broad axe
              (5 damage)
             ... on level 5 of the Dungeon.
             The game lasted 00:07:44 (3456 turns).

a11behringer the Shield-Bearer (Formicid Fighter)   Turns: 3456, Time: 00:07:44

Health: 0/62       AC: 12    Str: 23    XL:     8   Next: 21%
Magic:  8/8        EV:  7    Int:  8    God:
Gold:   154        SH:  5    Dex: 13    Spells: 7/7 levels left

rFire   . . .      SeeInvis +    a - +0 war axe
rCold   + + .      Faith    .    c - +0 buckler
rNeg    . . .      Spirit   .    s - +0 chain mail
rPois   .          Reflect  .    (helmet unavailable)
rElec   .          Rampage  .    o - +0 cloak
rCorr   .                        (no gloves)
Will    .....                    C - +0 pair of boots of Yqusae {rC+} Stlth
                                 (no amulet)
HPRegen 0.30/turn                l - ring of protection from cold
MPRegen 0.11/turn                (no ring)

@: no status effects
A: permanent stasis, dig shafts and tunnels, antennae 3, four strong arms
a: Dig, Shaft Self


You were on level 5 of the Dungeon.
You visited 1 branch of the dungeon, and saw 5 of its levels.

You collected 154 gold pieces.

Inventory:

Hand Weapons
 a - a +0 war axe (weapon)
Armour
 b - a +0 scale mail
 c - a +0 buckler (worn)
 o - a +0 cloak (worn)
 s - a +0 chain mail (worn)
 C - the +0 pair of boots of Yqusae (worn) {rC+}
   (You found it on level 4 of the Dungeon)

   rC:        It protects you from cold.
Jewellery
 l - a ring of protection from cold (left hand)
Wands
 B - a wand of polymorph (4)
Scrolls
 e - a scroll of blinking {unknown}
 g - 2 scrolls of amnesia {unknown}
 h - 2 scrolls of fog {unknown}
 m - 6 scrolls of identify {unknown}
 n - 3 scrolls of noise {unknown}
 u - a scroll of vulnerability {unknown}
 v - 2 scrolls of fear {unknown}
 w - a scroll of acquirement {unknown}
 x - 2 scrolls of teleportation {unknown}
 y - a scroll of immolation {unknown}
 D - a scroll of enchant armour {unknown}
Potions
 d - a potion of might
 f - a potion of ambrosia {unknown}
 i - 3 potions of curing {unknown}
 j - 2 potions of attraction {unknown}
 k - a potion of invisibility {unknown}
 p - 2 potions of mutation {unknown}
 q - a potion of haste {unknown}
 r - 2 potions of degeneration {unknown}
 t - a potion of berserk rage {unknown}
 z - a potion of flight {unknown}
 A - a potion of brilliance {unknown}


   Skills:
 + Level 5.3 Fighting
 * Level 5.8 Axes
 + Level 5.3 Armour
 + Level 6.5 Shields


You had 7 spell levels left.
You didn't know any spells.
Your spell library was empty.

Dungeon Overview and Level Annotations

Branches:
Dungeon (5/15)
 Temple: D:4-7

Altars:


Innate Abilities, Weirdness & Mutations

You cannot be hasted, slowed, berserked, paralysed or teleported.
You can dig through walls and to a lower floor.
You have a pair of large antennae on your head. (SInv)
Your four strong arms can wield two-handed weapons with a shield.


Message History

You closely miss the orc warrior.
The orc warrior is moderately wounded.
You slash the phantom!
The orc warrior hits you but does no damage.
You block the phantom's attack.
You closely miss the orc warrior.
The orc warrior is moderately wounded.
You barely miss the phantom.
The orc warrior hits you but does no damage.
The phantom hits you.
You slash the orc warrior!
The orc warrior is severely wounded.
You closely miss the phantom.
The orc warrior hits you with a +0 broad axe.
You block the phantom's attack.
You hit the orc warrior but do no damage.
The orc warrior is severely wounded.
You hit the phantom.
The orc warrior hits you with a +0 broad axe!
* * * LOW HITPOINT WARNING * * *
The phantom barely misses you.
The orc warrior hits you with a +0 broad axe.
* * * LOW HITPOINT WARNING * * *
The phantom hits you.
* * * LOW HITPOINT WARNING * * *
You closely miss the orc warrior.
The orc warrior is severely wounded.
You miss the phantom.
The orc warrior hits you but does no damage.
The phantom barely misses you.
You closely miss the orc warrior.
The orc warrior is severely wounded.
You barely miss the phantom.
The orc warrior hits you but does no damage.
The phantom completely misses you.
You barely miss the orc warrior.
The orc warrior is severely wounded.
You barely miss the phantom.
The orc warrior hits you with a +0 broad axe.
You die...

## .. .. .####
########....$#
#####.....@W......
#........).o.!....
#######.###.######.:....
......#.###.# .....#
.(..........# ....#
......####### .####
####### # ### ...


You could see an orc warrior and a phantom.

Vanquished Creatures
  The ghost of OstrichLN the Ruffian, an amateur TrFi (D:4)
  A black bear (D:4)
  An ogre (D:4)
  A phantom (D:4)
  A bullfrog zombie (D:4)
  A hound (D:4)
  An orc priest (D:5)
  A centaur skeleton (D:4)
  2 iguanas (D:4)
  Ijyb (D:4)
  Natasha (D:2)
  An orc wizard (D:5)
  Robin (D:3)
  3 adders
  A worm (D:3)
  A dart slug (D:2)
  4 orcs
  4 ball pythons
  4 endoplasms
  5 giant cockroaches
  13 goblins
  3 hobgoblins
  4 jackals (D:1)
  4 kobolds
  7 quokkas
  3 bats
  4 frilled lizards
  10 rats
84 creatures vanquished.

Notes
Turn   | Place    | Note
-------+----------+-------------------------------------------
     0 | D:1      | a11behringer the Formicid Fighter began the quest for the
                  | Orb.
     0 | D:1      | Reached XP level 1. HP: 18/18 MP: 1/1
   123 | D:1      | Reached XP level 2. HP: 24/24 MP: 2/2
   781 | D:1      | Reached XP level 3. HP: 29/29 MP: 3/3
  1003 | D:2      | Noticed Natasha
  1011 | D:2      | Killed Natasha
  1012 | D:2      | Reached XP level 4. HP: 25/37 MP: 4/4
  1816 | D:3      | Noticed Robin
  1826 | D:3      | Killed Robin
  1827 | D:3      | Reached XP level 5. HP: 30/42 MP: 5/5
  2308 | D:4      | Reached skill level 5 in Shields
  2343 | D:4      | Noticed a black bear
  2353 | D:4      | Killed a black bear
  2354 | D:4      | Reached XP level 6. HP: 43/49 MP: 6/6
  2718 | D:4      | Noticed an ogre
  2727 | D:4      | Killed an ogre
  2728 | D:4      | Reached XP level 7. HP: 15/55 MP: 7/7
  2900 | D:4      | Found a runed translucent gate.
  2901 | D:4      | Found a runed translucent gate.
  2903 | D:4      | Found a runed translucent gate.
  2904 | D:4      | Noticed OstrichLN's ghost (amateur TrFi)
  3002 | D:4      | Noticed Ijyb
  3016 | D:4      | Killed Ijyb
  3018 | D:4      | Reached skill level 5 in Axes
  3225 | D:4      | Killed OstrichLN's ghost
  3226 | D:4      | Reached skill level 5 in Fighting
  3226 | D:4      | Reached skill level 5 in Armour
  3226 | D:4      | Reached skill level 6 in Shields
  3226 | D:4      | Reached XP level 8. HP: 31/62 MP: 8/8
  3229 | D:4      | Identified the +0 pair of boots of Yqusae {rC+}
  3378 | D:5      | Entered Level 5 of the Dungeon
  3456 | D:5      | Slain by an orc warrior

Illustrated notes

Levels and vault maps discovered:
D:1:      doesnt_arrival_eight_statues, layout_basic, kennysheep_pointless_box,
          minmay_rat_gold_closets
D:2:      layout_basic, uniq_natasha
D:3:      layout_basic, uniq_robin
D:4:      kennysheep_six_static_rooms, layout_cave_pools,
          gammafunk_ghost_necromancy, uniq_ijyb
D:5:      layout_rooms, uniq_grinder

Skill      XL: |  1  2  3  4  5  6  7 |
---------------+----------------------+-----
Axes           | 3 4 5 |  5.8
Armour         | 4 5 |  5.3
Fighting       | 4 5 |  5.3
Shields        | 5 6 |  6.5

Action                     |  1- 3 |  4- 6 |  7- 9 || total
---------------------------+-------+-------+-------++-------
  Melee: War axe           |    62 |   147 |    58 ||   267
    Use: Potion            |       |     1 |       ||     1
 Armour: Scale mail        |    24 |    22 |       ||    46
         Chain mail        |       |    55 |    37 ||    92
  Dodge: Dodged            |    16 |    62 |    22 ||   100
  Block: Buckler           |    14 |    40 |    18 ||    72

Table legend: (Time is in decaauts)
 A = Elapsed time spent in this place.
 B = Non-inter-level travel time spent in this place.
 C = Inter-level travel time spent in this place.
 D = Time resting spent in this place.
 E = Time spent auto-exploring this place.
 F = Levels seen in this place.
 G = Mean time per level.
                   A        B        C        D        E       F      G
               +--------+--------+--------+--------+--------+-----+--------+
         Total |   3547 |   3337 |    210 |      0 |   2676 |   5 |  709.4 |
       Dungeon |   3547 |   3337 |    210 |      0 |   2676 |   5 |  709.4 |
               +--------+--------+--------+--------+--------+-----+--------+

Top non-repeatable levels by time:
     D:4: 1106 daAuts
     D:1: 921 daAuts
     D:3: 815 daAuts
     D:2: 623 daAuts
     D:5: 81 daAuts
